Map: Automaton LE

Players

Nerchio - Winner!

  • Race: Zerg Zerg
  • Spawn Location: 3:00

Harstem

  • Race: Protoss Protoss
  • Spawn Location: 9:00

Event: 2019 WCS Spring

VOD

Have the link to the VOD?

Description

Time

  • Played on: May 17, 2019, 11:15 a.m.
  • Length: 10:46

All games in this series

Show
View Real Time Build Order
Export as new Build Order

Nerchio Zerg - Winner!

Build Orders: Hatch First, Roach Hydra 

Get SALT Encoding   

  12  0:00  Drone  
  13  0:12  Overlord  
  13  0:17  Drone  
  14  0:30  Drone x2  
  16  0:49  Hatchery  
  15  0:52  Drone  
  15  0:56  Drone  
  17  0:59  Drone  
  18  1:07  Extractor  
  17  1:15  Spawning Pool  
  16  1:18  Drone  
  16  1:21  Drone  
  18  1:27  Drone  
  19  1:38  Overlord  
  19  1:49  Drone  
  20  2:01  Queen  
  20  2:02  Zergling x2  
  20  2:03  Queen  
  20  2:06  Zergling x2  
  26  2:09  Metabolic Boost  
  26  2:12  Drone  
  26  2:15  Drone  
  28  2:21  Drone  
  29  2:27  Drone  
  30  2:38  Hatchery  
  30  2:41  Drone  
  30  2:43  Drone  
  31  2:45  Drone  
  31  2:50  Overlord  
  32  2:57  Queen  
  34  3:00  Drone  
  34  3:02  Drone  
  36  3:10  Drone  
  36  3:11  Drone x3  
  40  3:16  Overlord  
  40  3:24  Drone x2  
  42  3:28  Spore Crawler  
  42  3:32  Lair  
  41  3:35  Drone x2  
  41  3:37  Drone  
  44  3:43  Roach Warren, Drone  
  44  3:45  Drone  
  44  3:47  Drone  
  46  3:49  Drone  
  46  3:52  Extractor  
  46  3:54  Extractor, Drone  
  46  3:55  Drone  
  47  3:59  Overlord  
  47  4:02  Drone  
  48  4:05  Spore Crawler  
  48  4:06  Drone  
  48  4:09  Spore Crawler  
  49  4:10  Drone  
  49  4:12  Drone  
  50  4:17  Overlord  
  50  4:19  Drone x2  
  50  4:20  Drone  
  53  4:24  Queen  
  53  4:26  Drone  
  53  4:28  Drone  
  53  4:31  Overlord, Extractor  
  56  4:36  Drone  
  56  4:37  Drone x2  
  59  4:38  Drone  
  59  4:40  Drone  
  59  4:41  Drone  
  59  4:43  Glial Reconstitution  
  62  4:47  Drone x2  
  62  4:50  Extractor  
  63  4:55  Roach x3  
  63  4:57  Roach  
  63  4:59  Overlord  
  71  5:11  Hatchery  
  71  5:14  Drone x3  
  73  5:17  Evolution Chamber  
  73  5:18  Roach x2  
  76  5:24  Overlord  
  76  5:33  Roach x2  
  79  5:40  Overlord  
  79  5:42  Overlord  
  79  5:43  Overseer, Hydralisk Den  
  79  5:47  Drone  
  79  5:48  Drone x3  
  81  5:54  Drone x6, Zerg Missile Weapons Level 1  
  81  5:56  Extractor, Drone  
  87  5:58  Drone  
  87  6:01  Drone x2  
  90  6:11  Drone  
  90  6:12  Drone  
  90  6:13  Overlord x2  
  90  6:17  Roach x3  
  98  6:18  Extractor  
  98  6:19  Roach  
  98  6:24  Grooved Spines  
  99  6:27  Roach x2  
  99  6:31  Overlord x2  
  103  6:33  Overseer  
  103  6:36  Drone x2  
  103  6:37  Drone  
  103  6:38  Drone  
  107  6:41  Hydralisk  
  107  6:42  Hydralisk  
  107  6:47  Hydralisk x2  
  115  6:54  Roach  
  115  6:55  Roach x3  
  115  6:56  Roach  
  126  7:01  Roach x3  
  126  7:03  Overlord  
  126  7:05  Pneumatized Carapace  
  130  7:10  Hydralisk x2  
  134  7:16  Hydralisk x3  
  134  7:18  Hydralisk  
  134  7:22  Hydralisk  
  141  7:23  Hydralisk  
  141  7:25  Hydralisk  
  141  7:29  Hydralisk  
  145  7:30  Hydralisk  
  145  7:31  Hydralisk  
  145  7:34  Hydralisk  
  149  7:39  Overlord  
  149  7:40  Ravager x2  
  149  7:41  Overlord  
  149  7:53  Zergling x4  
  149  7:57  Overlord x2  
  149  7:58  Zergling x20  
  150  8:01  Overlord  
  150  8:04  Zergling x2  
  150  8:05  Zergling x6  
  157  8:08  Roach x2  
  157  8:11  Zerg Missile Weapons Level 2  
  157  8:12  Roach  
  163  8:13  Roach  
  165  8:20  Muscular Augments  
  165  8:32  Hydralisk x4  
  173  8:34  Nydus Network  
  173  8:41  Hydralisk x4  
  172  8:48  Hydralisk x2  
  183  9:01  Roach  
  183  9:02  Roach x6  
  191  9:04  Overlord x2  
  191  9:10  Overlord  
  191  9:20  Overseer  
  191  9:21  Overseer  
  191  9:29  Roach x4  
  199  9:38  Nydus Canal  
  197  9:46  Roach  
  197  9:50  Roach x2  
  197  9:51  Roach  
  198  9:55  Roach  
  198  9:56  Roach  
  198  9:57  Roach x5  
  198  9:58  Roach  
  199  10:06  Roach  
  197  10:19  Hydralisk x2  
  197  10:20  Hydralisk, Infestation Pit  
  200  10:25  Nydus Canal  
Show
View Real Time Build Order
Export as new Build Order

Harstem Protoss 

Build Orders: 1 Gate Expand, Oracle Opening, Archon Immortal, Archon Drop 

Get SALT Encoding   

  12  0:00  Probe  
  13  0:13  Probe  
  14  0:18  Pylon  
  14  0:25  Probe  
  15  0:31  Assimilator  
  15  0:33  Probe  
  15  0:41  Probe  
  16  0:48  Gateway  
  17  0:51  Probe  
  18  1:03  Probe  
  19  1:15  Probe  
  20  1:25  Nexus  
  20  1:35  Cybernetics Core  
  20  1:38  Probe  
  21  1:44  Assimilator  
  21  1:50  Probe  
  21  1:53  Pylon  
  22  2:02  Probe, Adept  
  23  2:14  Probe  
  26  2:16  Stargate  
  26  2:25  Stalker  
  26  2:26  Probe  
  26  2:28  Warp Gate  
  27  2:34  Probe  
  29  2:38  Probe  
  29  2:43  Probe  
  31  2:51  Probe  
  33  2:52  Oracle, Probe  
  34  3:03  Probe  
  34  3:04  Probe  
  39  3:15  Probe  
  39  3:16  Probe  
  39  3:17  Assimilator  
  41  3:22  Robotics Facility  
  41  3:27  Probe  
  41  3:28  Probe, Gateway  
  41  3:31  Pylon  
  43  3:35  Assimilator  
  43  3:39  Probe  
  43  3:40  Probe  
  45  3:46  Twilight Council  
  45  3:51  Probe  
  45  3:54  Probe  
  47  4:02  Gateway  
  47  4:03  Probe  
  47  4:04  Gateway  
  47  4:05  Warp Prism  
  47  4:08  Probe  
  49  4:11  Pylon  
  51  4:21  Probe  
  52  4:24  Templar Archives  
  52  4:25  Probe  
  53  4:33  Probe  
  53  4:36  Adept  
  53  4:37  Pylon  
  57  4:51  Nexus  
  56  4:53  Pylon  
  56  5:02  High Templar x4  
  56  5:04  Observer  
  56  5:06  Archon x2  
  64  5:07  Pylon  
  64  5:10  Forge  
  64  5:12  Probe  
  64  5:13  Probe  
  67  5:14  Immortal  
  67  5:25  Pylon  
  71  5:36  Probe  
  71  5:37  Probe  
  71  5:38  Sentry x2  
  71  5:41  Gateway  
  77  5:43  Gateway  
  77  5:45  Immortal  
  77  5:49  Probe  
  78  5:56  Protoss Ground Weapons Level 1  
  82  6:00  Probe  
  83  6:06  Charge, Gateway  
  83  6:10  Gateway  
  83  6:11  Probe  
  84  6:13  Probe  
  86  6:19  Immortal  
  86  6:22  Pylon  
  86  6:23  Probe  
  86  6:25  Probe  
  88  6:29  Probe  
  92  6:35  Probe  
  92  6:37  Probe, Pylon  
  94  6:41  Probe  
  94  6:45  Sentry  
  94  6:46  Zealot x2, Sentry  
  103  6:47  Probe  
  103  6:49  Probe  
  103  6:53  Probe  
  106  6:59  Sentry, Probe  
  106  7:00  Zealot  
  111  7:01  Probe  
  111  7:02  Pylon  
  111  7:03  Assimilator  
  112  7:08  Zealot x4  
  112  7:12  Pylon  
  112  7:14  Psionic Storm, Probe  
  121  7:16  Probe  
  121  7:19  Probe  
  121  7:22  Assimilator  
  123  7:27  Zealot x3  
  129  7:31  Pylon  
  125  7:38  Zealot x2  
  125  7:39  Zealot x2  
  133  7:50  Zealot x3  
  138  7:52  High Templar  
  136  7:59  Protoss Ground Weapons Level 2  
  136  8:00  Probe  
  136  8:01  Probe  
  136  8:02  Probe  
  139  8:07  High Templar  
  139  8:08  High Templar x2  
  139  8:10  Shield Battery  
  139  8:11  Pylon  
  139  8:12  Probe, Shield Battery  
  146  8:13  Shield Battery  
  147  8:22  Photon Cannon  
  147  8:24  Probe  
  147  8:26  Probe  
  148  8:29  Immortal  
  148  8:33  High Templar x2  
  156  8:36  Pylon  
  156  8:37  Photon Cannon  
  156  8:39  Photon Cannon  
  156  8:45  Phoenix  
  158  8:57  Pylon  
  158  8:58  Photon Cannon  
  158  8:59  Photon Cannon  
  158  9:02  Phoenix  
  156  9:05  Probe  
  157  9:12  High Templar x2  
  163  9:18  Archon  
  163  9:19  Nexus, High Templar  
  165  9:24  Photon Cannon  
  165  9:25  Pylon  
  165  9:27  Shield Battery  
  165  9:30  Zealot x5  
  165  9:47  Probe  
  165  9:48  Probe, Pylon  
  165  9:49  Zealot x2  
  165  9:50  Immortal  
  165  9:51  Pylon  
  149  9:56  Probe  
  149  9:59  Probe  
  148  10:00  Probe  
  145  10:08  Probe  
  145  10:10  Zealot x4  
  145  10:12  Probe x2  
  156  10:21  Probe  
  149  10:24  Probe x2  
  149  10:26  Zealot x3  
  144  10:31  Zealot x2  
  144  10:33  Probe  
  127  10:40  Zealot x2  
Tags
 
Add a new tag
Caveats
  • Supply blocks, unpowered buildings, or Contaminate may cause inaccurate times.
  • Supply counts are checked every 10 seconds.